 Dungeon Crawl Stone Soup version 0.22.1-1-ga44c0e5 (webtiles) character file.

195 wilfster70 the Chopper (level 5, -9/47 HPs)
             Began as a Hill Orc Fighter on Sept 19, 2018.
             Mangled by an ogre
             ... wielding a +0 giant spiked club
              (14 damage)
             ... on level 4 of the Dungeon on Sept 20, 2018.
             The game lasted 00:09:02 (3243 turns).

wilfster70 the Chopper (Hill Orc Fighter)           Turns: 3243, Time: 00:09:03

Health: -9/47      AC:  9    Str: 24    XL:     5   Next: 74%
Magic:  5/5        EV:  6    Int:  9    God:
Gold:   147        SH: 10    Dex: 10    Spells: 4/4 levels left

rFire    . . .     SeeInvis .   a - +2 war axe
rCold    . . .     Gourm    .   c - +0 shield
rNeg     . . .     Faith    .   m - +0 chain mail
rPois    .         Spirit   .   (no helmet)
rElec    .         Reflect  .   (no cloak)
rCorr    .         Harm     .   (no gloves)
MR       .....                  (no boots)
Stlth    ..........             (no amulet)
HPRegen  0.15/turn              (no ring)
MPRegen  0.09/turn              (no ring)

@: mighty
A: no striking features
a: no special abilities


You were on level 4 of the Dungeon.
You were hungry.

You visited 1 branch of the dungeon, and saw 4 of its levels.

You collected 147 gold pieces.

Inventory:

Hand Weapons
 a - a +2 war axe (weapon)
 b - a +1 hunting sling of freezing
Missiles
 g - 32 sling bullets
 j - 77 stones (quivered)
Armour
 c - a +0 shield (worn)
 m - a +0 chain mail (worn)
Scrolls
 h - 3 scrolls of amnesia {unknown}
 i - a scroll of immolation {unknown}
 k - a scroll of magic mapping {unknown}
 l - 3 scrolls of remove curse {unknown}
 o - a scroll of identify
 s - a scroll of random uselessness {unknown}
 t - a scroll of fog {unknown}
 u - a scroll of fear {unknown}
Potions
 d - 4 potions of might
 e - a potion of flight {unknown}
 p - a potion of heal wounds {unknown}
 q - a potion of cancellation {unknown}
 r - a potion of curing {unknown}
Comestibles
 f - 5 rations


   Skills:
 + Level 4.7 Fighting
 * Level 5.2 Axes
 + Level 4.2 Armour
 + Level 4.1 Shields


You had 4 spell levels left.
You didn't know any spells.
Your spell library was empty.

Dungeon Overview and Level Annotations

Branches:
Dungeon (4/15)
 Temple: D:4-7

Altars:
Cheibriados
Hepliaklqana
Kikubaaqudgha
Makhleb
Sif Muna


Message History

The centaur skeleton hits you but does no damage.
The centaur skeleton hits you.
* * * LOW HITPOINT WARNING * * *
You feel very mighty all of a sudden.
The centaur skeleton hits you but does no damage.
You slice the centaur skeleton!!
You destroy the centaur skeleton!
You slash the ogre!
The ogre is severely wounded.
You block the ogre's attack.
You barely miss the ogre.
The ogre is severely wounded.
The ogre barely misses you.
You barely miss the ogre.
The ogre is severely wounded.
You block the ogre's attack.
Your shield and chain mail prevent you from hitting the ogre.
The ogre is severely wounded.
The ogre hits you with a giant spiked club!
You die...

#. .........##.#
#.##..#.# #$...# .
..#..#.# #..### #.
......###..# #.
#..>......#
#.#.##....##...#
###.........##...#
......###...##...#
#(..@O........#
##.####.###..## .. #.#
#..# ## ###.###..#
.........# ....###.##
########.# #........#
#.###########.########


You could see an ogre.

Vanquished Creatures
  A hound (D:2)
  A centaur skeleton (D:4)
  An orc wizard (D:3)
  3 adders (D:2)
  2 worms (D:3)
  6 dart slugs
  2 leopard geckos
  5 orcs (D:3)
  A ball python (D:2)
  A giant cockroach (D:2)
  8 goblins
  8 hobgoblins
  3 jackals (D:2)
  5 bats
  A frilled lizard (D:2)
  9 kobolds
  8 rats
65 creatures vanquished.

Notes
Turn   | Place    | Note
-------+----------+-------------------------------------------
     0 | D:1      | wilfster70 the Hill Orc Fighter began the quest for the
                  | Orb.
     0 | D:1      | Reached XP level 1. HP: 19/19 MP: 1/1
    96 | D:1      | Reached skill level 3 in Axes
    98 | D:1      | Reached XP level 2. HP: 27/27 MP: 2/2
   510 | D:1      | Upgraded the game from 0.22.1 to 0.22.1-1-ga44c0e5
   860 | D:1      | Reached XP level 3. HP: 30/33 MP: 3/3
  1398 | D:2      | Reached skill level 4 in Axes
  1398 | D:2      | Reached XP level 4. HP: 38/40 MP: 4/4
  1406 | D:2      | Found a burning altar of Makhleb.
  1884 | D:2      | Found a hazy altar of Hepliaklqana.
  2010 | D:2      | Reached XP level 5. HP: 47/47 MP: 5/5
  2121 | D:2      | Found a deep blue altar of Sif Muna.
  2257 | D:3      | Found an ancient bone altar of Kikubaaqudgha.
  2378 | D:3      | Found a snail-covered altar of Cheibriados.
  2761 | D:3      | Reached skill level 5 in Axes
  3216 | D:4      | Noticed an ogre
  3243 | D:4      | Mangled by an ogre

Skill      XL: |  1  2  3  4  5 |
---------------+----------------+-----
Axes           | 3 4 5 |  5.2
Fighting       | 4 |  4.7
Armour         | 4 |  4.2
Shields        | 4 |  4.1

Action                   |  1- 3 |  4- 6 || total
-------------------------+-------+-------++-------
Melee: War axe           |    89 |   119 ||   208
  Use: Scroll            |     4 |       ||     4
       Potion            |       |     1 ||     1
  Eat: Chunk             |     2 |     5 ||     7
Armor: Scale mail        |    39 |       ||    39
       Chain mail        |    11 |    61 ||    72
Dodge: Dodged            |    23 |    22 ||    45
Block: Shield            |    52 |    57 ||   109
